| TOP OF THE 1ST |
|
Brooklyn Dodgers batting - Pitching for St. Louis (CL) Cardinals : LHP Dallas Braden
|
|
Pitching: LHP Dallas Braden
|
|
|
Batting: RHB Robby Thompson
|
0-0: Bunt missed! 0-1: Ball 1-1: Ball 2-1: Ball 3-1: SINGLE (Groundball, 4S, EV 64.4 MPH) (infield hit)
|
|
Batting: RHB Roberto Clemente
|
0-0: Foul Ball, location: 2F 0-1: 2-RUN HOME RUN (Flyball, 78XD, EV 106.9 MPH), Distance : 451 ft
|
|
Batting: LHB Beals Becker
|
0-0: Ball 1-0: Ball 2-0: Ground out 3-1 (Groundball, 34, EV 98.8 MPH)
|
|
Batting: RHB Andy Carey
|
0-0: Ball 1-0: Ground out 6-3 (Groundball, 6, EV 101.9 MPH)
|
|
Batting: RHB Del Pratt
|
0-0: Ball 1-0: Ground out 5-3 (Groundball, 56, EV 87.5 MPH)
|
| Top of the 1st over - 2 runs, 2 hits, 0 errors, 0 left on base; Brooklyn 2 - St. Louis (CL) 0 |
| BOTTOM OF THE 1ST |
|
St. Louis (CL) Cardinals batting - Pitching for Brooklyn Dodgers : RHP Mike Scott
|
|
Pitching: RHP Mike Scott
|
|
|
Batting: LHB Wally Judnich
|
0-0: SOLO HOME RUN (Flyball, 9D, EV 103.8 MPH), Distance : 374 ft
|
|
Batting: LHB Hank Thompson
|
0-0: Called Strike 0-1: Ball 1-1: Foul Ball, location: 2F 1-2: Ball 2-2: Strikes out looking
|
|
Batting: RHB Moises Alou
|
0-0: Called Strike 0-1: Foul Ball, location: 2F 0-2: Fly out, F8 (Flyball, 8RD, EV 103.8 MPH)
|
|
Batting: LHB Jim Northrup
|
0-0: Called Strike 0-1: Called Strike 0-2: Ball 1-2: Ball 2-2: SOLO HOME RUN (Flyball, 9D, EV 98.1 MPH), Distance : 368 ft
|
|
Batting: RHB Bill Freehan
|
0-0: Called Strike 0-1: Called Strike 0-2: Ball 1-2: Fly out, F8 (Line Drive, 8LD, EV 93.8 MPH)
|
| Bottom of the 1st over - 2 runs, 2 hits, 0 errors, 0 left on base; Brooklyn 2 - St. Louis (CL) 2 |
| TOP OF THE 2ND |
|
Brooklyn Dodgers batting - Pitching for St. Louis (CL) Cardinals : LHP Dallas Braden
|
|
Batting: RHB George Foster
|
0-0: SINGLE (Groundball, 6D, EV 105.6 MPH)
|
|
Batting: RHB Travis Jackson
|
0-0: Called Strike 0-1: Ball 1-1: Ball 2-1: Fielders Choice at 2nd, 3-6 (Groundball, 3, EV 80.6 MPH)
|
|
Batting: RHB Dave F Schmidt
|
0-0: Ball 1-0: Foul Ball, location: 2F 1-1: Ball 2-1: Swinging Strike 2-2: DOUBLE (Line Drive, 5D, EV 103.8 MPH) Travis Jackson to third Runner from 3rd tries for Home, SAFE, throw by LF to trailing runner, OUT at third! 7-6-5
|
|
Batting: RHB Mike Scott
|
0-0: Foul Ball, location: 2F 0-1: Ball 1-1: Called Strike 1-2: Strikes out swinging
|
| Top of the 2nd over - 1 run, 2 hits, 0 errors, 0 left on base; Brooklyn 3 - St. Louis (CL) 2 |
| BOTTOM OF THE 2ND |
|
St. Louis (CL) Cardinals batting - Pitching for Brooklyn Dodgers : RHP Mike Scott
|
|
Batting: RHB Orlando Arcia
|
0-0: Called Strike 0-1: Ball 1-1: Ball 2-1: SINGLE (Groundball, 56D, EV 109.4 MPH)
|
|
Batting: RHB Milt Bolling
|
0-0: Swinging Strike 0-1: Ball 1-1: Ball 2-1: SINGLE (Groundball, 5D, EV 94.4 MPH) Orlando Arcia to second
|
|
Batting: RHB DJ LeMahieu
|
0-0: Ball 1-0: Swinging Strike 1-1: Grounds into double play, 6-4-3 (Groundball, 6, EV 98.1 MPH) Orlando Arcia to third
|
|
Batting: LHB Dallas Braden
|
0-0: Ball 1-0: Ground out 4-3 (Groundball, 4, EV 80.0 MPH)
|
| Bottom of the 2nd over - 0 runs, 2 hits, 0 errors, 1 left on base; Brooklyn 3 - St. Louis (CL) 2 |
| TOP OF THE 3RD |
|
Brooklyn Dodgers batting - Pitching for St. Louis (CL) Cardinals : LHP Dallas Braden
|
|
Batting: RHB Robby Thompson
|
0-0: Called Strike 0-1: Ball 1-1: Swinging Strike 1-2: Ball 2-2: SOLO HOME RUN (Flyball, 9LD, EV 101.9 MPH), Distance : 351 ft
|
|
Batting: RHB Roberto Clemente
|
0-0: Called Strike 0-1: Ground out 4-3 (Groundball, 34D, EV 86.9 MPH)
|
|
Batting: LHB Beals Becker
|
0-0: Ball 1-0: Foul Ball, location: 2F 1-1: Ball 2-1: Swinging Strike 2-2: DOUBLE (Line Drive, 5D, EV 97.5 MPH)
|
|
Batting: RHB Andy Carey
|
0-0: Swinging Strike 0-1: Swinging Strike 0-2: Ball 1-2: Foul Ball, location: 2F 1-2: SINGLE (Line Drive, 9S, EV 105.6 MPH) Beals Becker to third Runner from 3rd tries for Home, SAFE, throw by RF to home
|
|
Batting: RHB Del Pratt
|
0-0: Ball 1-0: Ball 2-0: SINGLE (Line Drive, 6D, EV 98.1 MPH) Andy Carey to second
|
|
Batting: RHB George Foster
|
0-0: Fly out, F8 (Flyball, 78D, EV 80.6 MPH) Runner from 2nd tags up, SAFE at 3rd with throw by CF
|
|
Batting: RHB Travis Jackson
|
0-0: Ball 1-0: Ball 2-0: Ball 3-0: DOUBLE (Line Drive, 7D, EV 95.0 MPH) Andy Carey scores Del Pratt to third Runner from 3rd tries for Home, SAFE, no throw by LF
|
|
Pitching: RHP Jack Morris
|
|
|
Batting: RHB Dave F Schmidt
|
0-0: Ball 1-0: Ball 2-0: Ball 3-0: Called Strike 3-1: Swinging Strike 3-2: Fly out, F8 (Flyball, 78D, EV 105.0 MPH)
|
| Top of the 3rd over - 4 runs, 5 hits, 0 errors, 1 left on base; Brooklyn 7 - St. Louis (CL) 2 |
| BOTTOM OF THE 3RD |
|
St. Louis (CL) Cardinals batting - Pitching for Brooklyn Dodgers : RHP Mike Scott
|
|
Batting: LHB Wally Judnich
|
0-0: Ball 1-0: Ball 2-0: Called Strike 2-1: Ball 3-1: Ground out 4-3 (Groundball, 4, EV 97.5 MPH)
|
|
Batting: LHB Hank Thompson
|
0-0: Ball 1-0: Ball 2-0: Ground out 4-3 (Groundball, 4, EV 90.6 MPH)
|
|
Batting: RHB Moises Alou
|
0-0: Ball 1-0: Swinging Strike 1-1: Ball 2-1: Foul Ball, location: 2F 2-2: Foul Ball, location: 2F 2-2: Ball 3-2: Strikes out looking
|
| Bottom of the 3rd over - 0 runs, 0 hits, 0 errors, 0 left on base; Brooklyn 7 - St. Louis (CL) 2 |
| TOP OF THE 4TH |
|
Brooklyn Dodgers batting - Pitching for St. Louis (CL) Cardinals : RHP Jack Morris
|
|
Batting: RHB Mike Scott
|
0-0: Ball 1-0: Swinging Strike 1-1: Swinging Strike 1-2: Strikes out swinging
|
|
Batting: RHB Robby Thompson
|
0-0: Swinging Strike 0-1: Foul Ball, location: 2F 0-2: Ball 1-2: Ground out 5-3 (Groundball, 56, EV 100.0 MPH)
|
|
Batting: RHB Roberto Clemente
|
0-0: Called Strike 0-1: Swinging Strike 0-2: Strikes out swinging
|
| Top of the 4th over - 0 runs, 0 hits, 0 errors, 0 left on base; Brooklyn 7 - St. Louis (CL) 2 |
| BOTTOM OF THE 4TH |
|
St. Louis (CL) Cardinals batting - Pitching for Brooklyn Dodgers : RHP Mike Scott
|
|
Batting: LHB Jim Northrup
|
0-0: Ground out 4-3 (Groundball, 4, EV 93.1 MPH)
|
|
Batting: RHB Bill Freehan
|
0-0: Called Strike 0-1: Ground out 3-1 (Groundball, 34, EV 101.9 MPH)
|
|
Batting: RHB Orlando Arcia
|
0-0: Swinging Strike 0-1: Ball 1-1: Ground out 6-3 (Groundball, 6, EV 83.1 MPH)
|
| Bottom of the 4th over - 0 runs, 0 hits, 0 errors, 0 left on base; Brooklyn 7 - St. Louis (CL) 2 |
| TOP OF THE 5TH |
|
Brooklyn Dodgers batting - Pitching for St. Louis (CL) Cardinals : RHP Jack Morris
|
|
Batting: LHB Beals Becker
|
0-0: Ball 1-0: Called Strike 1-1: Swinging Strike 1-2: Ball 2-2: Ball 3-2: Strikes out swinging
|
|
Batting: RHB Andy Carey
|
0-0: Called Strike 0-1: SOLO HOME RUN (Flyball, 9D, EV 89.4 MPH), Distance : 387 ft
|
|
Batting: RHB Del Pratt
|
0-0: Ball 1-0: Ball 2-0: Ball 3-0: Base on Balls
|
|
Batting: RHB George Foster
|
0-0: Grounds into double play, 1-6-3 (Groundball, 13, EV 68.8 MPH)
|
| Top of the 5th over - 1 run, 1 hit, 0 errors, 0 left on base; Brooklyn 8 - St. Louis (CL) 2 |
| BOTTOM OF THE 5TH |
|
St. Louis (CL) Cardinals batting - Pitching for Brooklyn Dodgers : RHP Mike Scott
|
|
Batting: RHB Milt Bolling
|
0-0: Called Strike 0-1: Swinging Strike 0-2: Ball 1-2: Ball 2-2: Foul Ball, location: 2F 2-2: Foul Ball, location: 2F 2-2: Foul Ball, location: 2F 2-2: Ball 3-2: Ground out 5-3 (Groundball, 56S, EV 85.6 MPH)
|
|
Batting: RHB DJ LeMahieu
|
0-0: Swinging Strike 0-1: Ground out 6-3 (Groundball, 6MD, EV 102.5 MPH)
|
|
Batting: RHB Jack Morris
|
0-0: Ball 1-0: Called Strike 1-1: Foul Ball, location: 2F 1-2: Ball 2-2: Foul Ball, location: 2F 2-2: Ball 3-2: Strikes out swinging
|
| Bottom of the 5th over - 0 runs, 0 hits, 0 errors, 0 left on base; Brooklyn 8 - St. Louis (CL) 2 |
| TOP OF THE 6TH |
|
Brooklyn Dodgers batting - Pitching for St. Louis (CL) Cardinals : RHP Jack Morris
|
|
Batting: RHB Travis Jackson
|
0-0: Ball 1-0: SINGLE (Line Drive, 6D, EV 97.5 MPH)
|
|
Batting: RHB Dave F Schmidt
|
0-0: Ball 1-0: Fly out, F4 (Popup, 3D, EV 65.6 MPH)
|
|
Batting: RHB Mike Scott
|
0-0: Ball 1-0: Bunt - Flyout to 23! F3
|
|
Batting: RHB Robby Thompson
|
0-0: Called Strike 0-1: Ball 1-1: Swinging Strike 1-2: Hit by Pitch Travis Jackson to second
|
|
Batting: RHB Roberto Clemente
|
0-0: Ball 1-0: Ball Wild Pitch! Travis Jackson to third Robby Thompson to second 2-0: SINGLE (Groundball, 34S, EV 67.5 MPH) (infield hit) Travis Jackson scores Robby Thompson to third
|
|
Batting: LHB Beals Becker
|
0-0: Swinging Strike 0-1: Called Strike 0-2: Strikes out swinging
|
| Top of the 6th over - 1 run, 2 hits, 0 errors, 2 left on base; Brooklyn 9 - St. Louis (CL) 2 |
| BOTTOM OF THE 6TH |
|
St. Louis (CL) Cardinals batting - Pitching for Brooklyn Dodgers : RHP Mike Scott
|
|
Batting: LHB Wally Judnich
|
0-0: Ball 1-0: Ball 2-0: Called Strike 2-1: TRIPLE (Line Drive, 7LD, EV 106.3 MPH)
|
|
Batting: LHB Hank Thompson
|
0-0: Called Strike 0-1: Called Strike 0-2: Ball 1-2: Strikes out swinging
|
|
Batting: RHB Moises Alou
|
0-0: Ball 1-0: Ball 2-0: Swinging Strike 2-1: Ball 3-1: Base on Balls
|
|
Batting: LHB Jim Northrup
|
0-0: Foul Ball, location: 2F 0-1: Ball 1-1: Ball 2-1: Ball 3-1: Base on Balls Moises Alou to second
|
|
Batting: RHB Bill Freehan
|
0-0: Ball 1-0: Ball 2-0: Fly out, F5 (Popup, 25F, EV 86.3 MPH)
|
|
Batting: RHB Orlando Arcia
|
0-0: Ball 1-0: Called Strike 1-1: Swinging Strike 1-2: Foul Ball, location: 2F 1-2: Foul Ball, location: 2F 1-2: Ball 2-2: Strikes out swinging
|
| Bottom of the 6th over - 0 runs, 1 hit, 0 errors, 3 left on base; Brooklyn 9 - St. Louis (CL) 2 |
| TOP OF THE 7TH |
|
Brooklyn Dodgers batting - Pitching for St. Louis (CL) Cardinals : RHP Jack Morris
|
|
Pitching: RHP Jeff Juden
|
|
|
Batting: RHB Andy Carey
|
0-0: Foul Ball, location: 2F 0-1: Ball 1-1: Foul Ball, location: 2F 1-2: Strikes out swinging
|
|
Batting: RHB Del Pratt
|
0-0: Ball 1-0: Called Strike 1-1: Called Strike 1-2: Ball 2-2: Strikes out looking
|
|
Batting: RHB George Foster
|
0-0: Ground out 6-3 (Groundball, 6, EV 96.3 MPH)
|
| Top of the 7th over - 0 runs, 0 hits, 0 errors, 0 left on base; Brooklyn 9 - St. Louis (CL) 2 |
| BOTTOM OF THE 7TH |
|
St. Louis (CL) Cardinals batting - Pitching for Brooklyn Dodgers : RHP Mike Scott
|
|
Pinch Hitting: LHB Tony Kubek
|
0-0: Ball 1-0: Foul Ball, location: 2F 1-1: Ball 2-1: Fly out, F9 (Flyball, 9S, EV 83.8 MPH)
|
|
Pinch Hitting: RHB Billy Orr
|
0-0: Foul Ball, location: 2F 0-1: Ball 1-1: Foul Ball, location: 2F 1-2: Ball 2-2: Ball 3-2: Foul Ball, location: 2F 3-2: Foul Ball, location: 2F 3-2: Foul Ball, location: 2F 3-2: Ground out 5-3 (Groundball, 5, EV 85.0 MPH)
|
|
Batting: RHB Jeff Juden
|
0-0: Ball 1-0: Ball 2-0: Fly out, F6 (Line Drive, 6, EV 65.6 MPH)
|
| Bottom of the 7th over - 0 runs, 0 hits, 0 errors, 0 left on base; Brooklyn 9 - St. Louis (CL) 2 |
| TOP OF THE 8TH |
|
Brooklyn Dodgers batting - Pitching for St. Louis (CL) Cardinals : RHP Jeff Juden
|
|
Now at 3B: Tony Kubek
|
|
|
Now at SS: Billy Orr
|
|
|
Batting: RHB Travis Jackson
|
0-0: Ball 1-0: Called Strike 1-1: Swinging Strike 1-2: Strikes out swinging
|
|
Batting: RHB Dave F Schmidt
|
0-0: Foul Ball, location: 2F 0-1: Ball 1-1: Ball 2-1: Fly out, F7 (Line Drive, 7D, EV 110.6 MPH)
|
|
Batting: RHB Mike Scott
|
0-0: Called Strike 0-1: Ball 1-1: Foul Ball, location: 2F 1-2: Ball 2-2: Strikes out swinging, 2-3 out at first.
|
| Top of the 8th over - 0 runs, 0 hits, 0 errors, 0 left on base; Brooklyn 9 - St. Louis (CL) 2 |
| BOTTOM OF THE 8TH |
|
St. Louis (CL) Cardinals batting - Pitching for Brooklyn Dodgers : RHP Mike Scott
|
|
Batting: LHB Wally Judnich
|
0-0: Ball 1-0: Ball 2-0: Swinging Strike 2-1: SINGLE (Line Drive, 56D, EV 105.6 MPH)
|
|
Batting: LHB Hank Thompson
|
0-0: SINGLE (Groundball, 5D, EV 105.6 MPH) Wally Judnich to second
|
|
Pitching: LHP Harry Eisenstat
|
|
|
Batting: RHB Moises Alou
|
0-0: Called Strike 0-1: Ball 1-1: Fly out, F8 (Line Drive, 8RM, EV 93.1 MPH)
|
|
Batting: LHB Jim Northrup
|
0-0: Ball 1-0: Ball 2-0: Called Strike 2-1: Swinging Strike 2-2: Ball 3-2: Foul Ball, location: 2F 3-2: Base on Balls Wally Judnich to third Hank Thompson to second
|
|
Batting: RHB Bill Freehan
|
0-0: Called Strike 0-1: Foul Ball, location: 2F 0-2: Ball 1-2: Grounds into double play, 4-6-3 (Groundball, 4, EV 86.3 MPH)
|
| Bottom of the 8th over - 0 runs, 2 hits, 0 errors, 2 left on base; Brooklyn 9 - St. Louis (CL) 2 |
| TOP OF THE 9TH |
|
Brooklyn Dodgers batting - Pitching for St. Louis (CL) Cardinals : RHP Jeff Juden
|
|
Batting: RHB Robby Thompson
|
0-0: Foul Ball, location: 2F 0-1: Swinging Strike 0-2: Ball 1-2: Ball 2-2: Ball 3-2: Base on Balls
|
|
Batting: RHB Roberto Clemente
|
0-0: Ball 1-0: Called Strike 1-1: Called Strike 1-2: Strikes out swinging
|
|
Pitching: LHP Gary Lavelle
|
|
|
Batting: LHB Beals Becker
|
0-0: Ball 1-0: Called Strike 1-1: Called Strike 1-2: 2-RUN HOME RUN (Flyball, 9LD, EV 101.3 MPH), Distance : 383 ft
|
|
Batting: RHB Andy Carey
|
0-0: Called Strike 0-1: Foul Ball, location: 2F 0-2: Ball 1-2: Strikes out swinging
|
|
Batting: RHB Del Pratt
|
0-0: Called Strike 0-1: DOUBLE (Line Drive, 89D, EV 103.8 MPH)
|
|
Batting: RHB George Foster
|
0-0: SINGLE (Line Drive, 78S, EV 86.9 MPH) Del Pratt to third Runner from 3rd tries for Home, SAFE, throw by LF to home
|
|
Batting: RHB Travis Jackson
|
0-0: Foul Ball, location: 2F 0-1: Foul Ball, location: 2F 0-2: Strikes out swinging
|
| Top of the 9th over - 3 runs, 3 hits, 0 errors, 1 left on base; Brooklyn 12 - St. Louis (CL) 2 |
| BOTTOM OF THE 9TH |
|
St. Louis (CL) Cardinals batting - Pitching for Brooklyn Dodgers : LHP Harry Eisenstat
|
|
|